 Dungeon Crawl Stone Soup version 0.25-a0-942-g87a53962fc (webtiles) character file.

Game seed: 15932244585439855729, levelgen mode: classic

60 Amnesiac the Magician (level 3, -10/28 HPs)
             Began as a Deep Elf Wizard on May 7, 2020.
             Mangled by Menkaure (15 damage)
             ... on level 4 of the Dungeon.
             The game lasted 00:02:57 (961 turns).

Amnesiac the Magician (Deep Elf Wizard)              Turns: 961, Time: 00:02:58

Health: -10/28     AC: 21    Str:  4    XL:     3   Next: 80%
Magic:  0/11       EV:  2    Int: 23    God:
Gold:   14         SH:  0    Dex: 13    Spells: 1/12 levels left

rFire    . . .     SeeInvis .   g - +0 halberd
rCold    . . .     Gourm    .   (shield currently unavailable)
rNeg     + + +     Faith    .   (armour currently unavailable)
rPois    +         Spirit   .   (helmet currently unavailable)
rElec    .         Reflect  .   (cloak currently unavailable)
rCorr    .         Harm     .   (gloves currently unavailable)
MR       .....     NoTele   +   (boots currently unavailable)
Stlth    ++........             (no amulet)
HPRegen  0.09/turn              (no ring)
MPRegen  0.12/turn              (no ring)

@: lethally poisoned (-10 -> -11), tree-form, very slightly contaminated
A: no striking features
a: no special abilities


You were on level 4 of the Dungeon.
You were not hungry.
You were a tree.
You visited 1 branch of the dungeon, and saw 4 of its levels.

You collected 14 gold pieces.

Inventory:

Hand Weapons
 g - a +0 halberd (weapon)
Armour
 a - a +0 robe (melded)
 b - a +0 hat (melded)
Jewellery
 h - an uncursed ring of flight {unknown}
Scrolls
 f - a scroll of magic mapping {!r, unknown}
Comestibles
 d - 2 rations


   Skills:
 - Level 2.4 Dodging
 - Level 3.0 Stealth
 + Level 5.1 Spellcasting
 * Level 3.2 Conjurations
 - Level 1.1 Summonings
 - Level 1.1 Translocations


You had one spell level left.
You knew the following spells:

 Your Spells              Type           Power        Failure   Level  Hunger
a - Magic Dart            Conj           ###.         2%          1    None
b - Call Imp              Summ           ##......     9%          2    None
e - Mephitic Cloud        Conj/Pois/Air  ##......     19%         3    ##.....
s - Conjure Flame         Conj/Fire      ##......     14%         3    ##.....
v - Blink                 Tloc           N/A          9%          2    None

Your spell library contained the following spells:

 Spells                   Type           Power        Failure   Level  Hunger
 Slow                     Hex            #.......     14%         2    None


Dungeon Overview and Level Annotations

Branches:
Dungeon (4/15)
 Temple: D:4-7

Altars:
Fedhas
Hepliaklqana

Annotations:
D:4 Menkaure


Message History

Press: ? - help, Shift-Dir - straight line, f/p - Menkaure
Aim: Menkaure (moderately damaged)
You miscast Magic Dart.
You are very lightly contaminated with residual magic.
Nothing appears to happen.
The worker ant wildly waves its antennae.
Casting: Magic Dart (safe; 2% risk of failure)
Confirm with . or Enter, or press ? or * to list all spells.
Aiming: Magic Dart (safe; 2% risk of failure)
Press: ? - help, Shift-Dir - straight line, f/p - Menkaure
Aim: Menkaure (moderately damaged)
The magic dart hits Menkaure.
Menkaure is heavily damaged.
You feel sick.
Casting: Magic Dart (safe; 2% risk of failure)
Confirm with . or Enter, or press ? or * to list all spells.
Aiming: Magic Dart (safe; 2% risk of failure)
Press: ? - help, Shift-Dir - straight line, f/p - Menkaure
Aim: Menkaure (heavily damaged)
The magic dart hits Menkaure.
Menkaure is heavily damaged.
Casting: Magic Dart (safe; 2% risk of failure)
Confirm with . or Enter, or press ? or * to list all spells.
You don't have enough magic to cast that spell.
Casting: Magic Dart (safe; 2% risk of failure)
Confirm with . or Enter, or press ? or * to list all spells.
You don't have enough magic to cast that spell.
Casting: Magic Dart (safe; 2% risk of failure)
Confirm with . or Enter, or press ? or * to list all spells.
You don't have enough magic to cast that spell.
You hit Menkaure but do no damage.
Menkaure is heavily damaged.
Menkaure hits you.
* * * LOW HITPOINT WARNING * * *
Menkaure casts a spell.
Menkaure seems to speed up.
You barely miss Menkaure.
Menkaure is heavily damaged.
You feel sick.
The worker ant seems to be having trouble coordinating all six of its legs.
Menkaure hits you but does no damage.
A centaur skeleton comes into view.
You aren't carrying any potions.
Unknown command.
Casting: Magic Dart (safe; 2% risk of failure)
Confirm with . or Enter, or press ? or * to list all spells.
Aiming: Magic Dart (safe; 2% risk of failure)
Press: ? - help, Shift-Dir - straight line, f/p - Menkaure
Aim: Menkaure (heavily damaged, fast)
The magic dart hits Menkaure.
Menkaure is severely damaged.
Menkaure hits you but does no damage.
Menkaure giggles, "These cerements are ticklish..."
Menkaure hits you but does no damage.
Unknown command.
You hit Menkaure.
Menkaure is severely damaged.
Menkaure hits you but does no damage.
Unknown command.
You barely miss Menkaure.
Menkaure is severely damaged.
You feel sick. Menkaure hits you!
Ouch! That really hurt!
You die...

######.#
#.....<#
#.###### #.# #.#
#.# #.#
.#####.########
....Z..M♣.a....#
..#####.######.#
#.# #.# #.# #.#
#.# ..


You could see Menkaure, a worker ant (confused) and a centaur skeleton.

Vanquished Creatures
  3 gnolls (D:2)
  An adder (D:3)
  A dart slug (D:1)
  A leopard gecko (D:2)
  3 goblins (D:1)
  A hobgoblin (D:2)
  4 kobolds
  2 bats (D:2)
  A frilled lizard (D:2)
  2 rats
19 creatures vanquished.

Vanquished Creatures (collateral kills)
  A gnoll (D:2)
1 creature vanquished.

Grand Total: 20 creatures vanquished

Notes
Turn   | Place    | Note
-------+----------+-------------------------------------------
     0 | D:1      | Amnesiac the Deep Elf Wizard began the quest for the Orb.
     0 | D:1      | Reached XP level 1. HP: 10/10 MP: 7/7
   104 | D:1      | Reached XP level 2. HP: 15/15 MP: 5/9
   108 | D:1      | Learned a level 2 spell: Blink
   111 | D:1      | Learned a level 2 spell: Call Imp
   460 | D:2      | Reached XP level 3. HP: 10/19 MP: 1/11
   465 | D:2      | Learned a level 3 spell: Conjure Flame
   469 | D:2      | Learned a level 3 spell: Mephitic Cloud
   524 | D:2      | Reached skill level 5 in Spellcasting
   598 | D:2      | Found a blossoming altar of Fedhas.
   598 | D:2      | Found a hazy altar of Hepliaklqana.
   947 | D:4      | Noticed Menkaure
   961 | D:4      | Mangled by Menkaure

Levels and vault maps discovered:
D:1:      minmay_arrival_arboretum_large, layout_basic
D:2:      layout_loops_ring, minitemple
D:3:      layout_basic, xom_teletrap_fun
D:4:      layout_loops_ring, uniq_menkaure

Skill      XL: |  1  2  3 |
---------------+----------+-----
Conjurations   | 2 3 |  3.2
Stealth        | 3 |  3.0
Spellcasting   | 5 |  5.1
Dodging        | |  2.4
Summonings     | |  1.1
Translocations | |  1.1

Action                   || total
-------------------------++-------
Melee: Halberd           ||     7
 Cast: Magic Dart        ||    46
       Call Imp          ||     3
       Mephitic Cloud    ||     1
  Use: Potion            ||     1
 Stab: Sleeping          ||     3
Armor: Robe              ||     2
       Skin              ||     4
Dodge: Dodged            ||     8

Table legend:
 A = Non-vault XP
 B = Vault XP
 C = Vault XP percentage of total XP
 D = Non-vault monster count
 E = Vault monster count
 F = Vault count percentage of total count
                 A         B        C        D         E       F
            +---------+---------+-------+---------+---------+-------
      Total |      86 |       0 |   0.0 |      20 |       0 |   0.0
            +---------+---------+-------+---------+---------+-------
        D:1 |      15 |       0 |   0.0 |       8 |       0 |   0.0
        D:2 |      58 |       0 |   0.0 |      11 |       0 |   0.0
        D:3 |      13 |       0 |   0.0 |       1 |       0 |   0.0
            +---------+---------+-------+---------+---------+-------
